[Event "Romanian Championship Open 2025"]
[Site "Craiova"]
[Date "2025.02.21"]
[Round "7.14"]
[White "Manea, Alexandru"]
[Black "Ignat, Matei-Marius"]
[Result "1/2-1/2"]
[Annotator "RC"]
[ECO "C25"]
[WhiteElo "2272"]
[BlackElo "2137"]
[PlyCount "124"]
[EventDate "2025.02.12"]
[EventType "swiss"]
[EventCountry "ROU"]
[SourceTitle "playchess.com"]
[Source "ChessBase"]
[SourceQuality "1"]
[TimeControl "40/5400+30:900+30"]

1. e4 e5 2. Nc3 Nc6 3. g3 Bc5 4. Bg2 d6 5. Na4 Nge7 6. Ne2 Be6 7. d3 f6 8. a3 a5 9. Be3 Bxe3 10. fxe3 Qd7 11. c4 Bh3 12. Bxh3 Qxh3 13. Kd2 Nd8 14. Qf1 Qd7 15. Qd1 b5 16. cxb5 Qxb5 17. Qc2 Ne6 18. Qc4 Qxc4 19. dxc4 h5 20. h4 Kd7 21. Rhf1 Rab8 22. Nec3 Rh6 23. Rf3 Rg6 24. Kc2 Rg4 25. Rd1 Nc8 26. Rd5 Ra8 27. Rd2 Rb8 28. Rd5 Ra8 29. Rb5 Kc6 30. Rd5 Nb6 31. Nxb6 Kxb6 32. b4 axb4 33. axb4 Kc6 34. Rd1 Kb7 35. Kb2 Nd8 36. Kb3 Ne6 37. Kc2 Nd8 38. Rg1 Nc6 39. Kb3 Rh8 40. Ra1 Rh6 41. Rh1 Rhg6 42. Rh3 Nb8 43. Kc2 Na6 44. Kb3 c6 45. Ka3 Nb8 46. Kb2 Nd7 47. Kc2 Nb6 48. Kd3 Kc7 49. Rf5 Rxg3 50. Rxg3 Rxg3 51. Rxh5 Nd7 52. Rh8 Rh3 53. Rg8 Rxh4 54. Rxg7 Kd8 55. Rg8+ Kc7 56. Rg7 Kc8 57. Na4 Rh1 58. b5 cxb5 59. cxb5 Ra1 60. Nc3 Nc5+ 61. Kc4 Rc1 62. Kb4 Nd3+ 1/2-1/2

[Event "Romanian Championship Open 2025"]
[Site "Craiova"]
[Date "2025.02.21"]
[Round "7.15"]
[White "Sprincean, Lukas George"]
[Black "Gales, Randi-Ioan"]
[Result "0-1"]
[Annotator "RC"]
[ECO "B92"]
[WhiteElo "2134"]
[BlackElo "2247"]
[PlyCount "90"]
[EventDate "2025.02.12"]
[EventType "swiss"]
[EventCountry "ROU"]
[SourceTitle "playchess.com"]
[Source "ChessBase"]
[SourceQuality "1"]
[TimeControl "40/5400+30:900+30"]

1. e4 c5 2. Nf3 d6 3. d4 cxd4 4. Nxd4 Nf6 5. Nc3 a6 6. Be2 e5 7. Nb3 Be6 8. O-O Be7 9. f4 exf4 10. Bxf4 Nc6 11. Qd2 d5 12. Rad1 d4 13. Qe1 Qb6 14. Qf2 Rd8 15. Bf3 O-O 16. Kh1 Rd7 17. h3 Rfd8 18. Ne2 a5 19. c3 Bxb3 20. axb3 Bc5 21. Qh4 d3 22. Ng3 Ne7 23. Bh5 Bf2 24. Bxf7+ Kxf7 25. e5 Ng6 26. Qg5 h6 27. Qf5 Ne7 28. e6+ Kg8 29. Qe5 Rd5 30. Qc7 Qxc7 31. Bxc7 Bxg3 32. Bxg3 d2 33. Bc7 Rc8 34. Bb6 Rc6 35. Bd4 Ne4 36. Rf7 Nf5 37. Rd7 Rxd7 38. exd7 Rd6 39. Bc5 Rxd7 40. g4 Rd5 41. Bb6 Nfd6 42. Kg2 Rb5 43. Bc7 Rxb3 44. Kf3 Rxb2 45. c4 Nc3 0-1

[Event "Romanian Championship Open 2025"]
[Site "Craiova"]
[Date "2025.02.21"]
[Round "7.16"]
[White "Bonte, Andrei-Mihai"]
[Black "Tudoroiu, Razvan-Catalin"]
[Result "1-0"]
[Annotator "RC"]
[ECO "A44"]
[WhiteElo "2237"]
[BlackElo "2085"]
[PlyCount "89"]
[EventDate "2025.02.12"]
[EventType "swiss"]
[EventCountry "ROU"]
[SourceTitle "playchess.com"]
[Source "ChessBase"]
[SourceQuality "1"]
[TimeControl "40/5400+30:900+30"]

1. d4 Nf6 2. Nf3 c5 3. d5 d6 4. Nc3 e5 5. e4 Be7 6. Bb5+ Nbd7 7. a4 O-O 8. O-O Ne8 9. g3 g6 10. Ne1 a6 11. Be2 Ng7 12. Ng2 f5 13. f3 Nf6 14. Rf2 Nfh5 15. exf5 gxf5 16. f4 Nf6 17. fxe5 dxe5 18. Ne3 Bd6 19. Nc4 Qc7 20. Bg5 Nfe8 21. Qd2 Bd7 22. a5 Rb8 23. Nb6 Rf7 24. Raf1 Rf8 25. h4 Nf6 26. Nxd7 Nxd7 27. h5 Qxa5 28. h6 Ne8 29. Rxf5 Rxf5 30. Rxf5 Qb4 31. Nd1 Qe4 32. Qd3 Qxd3 33. Bxd3 b5 34. Nf2 c4 35. Be2 Nc5 36. Bh5 b4 37. Ng4 Ne4 38. Bh4 b3 39. cxb3 cxb3 40. Nxe5 Bc5+ 41. Kg2 N8d6 42. Rf4 Rb7 43. Nc6 Be3 44. Rg4+ Kf8 45. Nd8 1-0

[Event "Romanian Championship Open 2025"]
[Site "Craiova"]
[Date "2025.02.21"]
[Round "7.17"]
[White "Daianu, Cristian-Clement"]
[Black "Korcsek, Alexandru-David"]
[Result "1-0"]
[Annotator "ChessBase"]
[ECO "B32"]
[WhiteElo "2214"]
[BlackElo "2127"]
[PlyCount "79"]
[EventDate "2025.02.12"]
[EventType "swiss"]
[EventCountry "ROU"]
[SourceTitle "playchess.com"]
[Source "ChessBase"]
[SourceQuality "1"]
[TimeControl "40/5400+30:900+30"]

1. e4 c5 2. Nf3 Nc6 3. d4 cxd4 4. Nxd4 e5 5. Nb5 d6 6. N1c3 a6 7. Na3 b5 8. Nd5 Nge7 9. c4 Nxd5 10. exd5 Nd4 11. cxb5 Bd7 12. bxa6 Qa5+ 13. Bd2 Qxd5 14. Nc2 Qe4+ 15. Ne3 Be7 16. Bc3 Bh4 17. Qd3 Nc2+ 18. Kd2 Qxd3+ 19. Bxd3 Nxa1 20. g3 Bg5 21. Rxa1 O-O 22. h4 Bxe3+ 23. fxe3 f5 24. b4 f4 25. gxf4 exf4 26. Bc4+ Kh8 27. Rg1 fxe3+ 28. Ke1 Rg8 29. Bxg8 Rxg8 30. a7 Bc6 31. b5 Bd5 32. Rxg7 Rxg7 33. a4 Kg8 34. Bxg7 Kf7 35. a5 Ke7 36. a6 Kd7 37. b6 Kc8 38. b7+ Bxb7 39. axb7+ Kxb7 40. Bd4 1-0

[Event "Romanian Championship Open 2025"]
[Site "Craiova"]
[Date "2025.02.21"]
[Round "7.18"]
[White "Tamas, Christian-Arrydan"]
[Black "Prisacaru, Stefan-Emilian"]
[Result "0-1"]
[Annotator "ChessBase"]
[ECO "B13"]
[WhiteElo "2016"]
[BlackElo "2212"]
[PlyCount "88"]
[EventDate "2025.02.12"]
[EventType "swiss"]
[EventCountry "ROU"]
[SourceTitle "playchess.com"]
[Source "ChessBase"]
[SourceQuality "1"]
[TimeControl "40/5400+30:900+30"]

1. e4 c6 2. d4 d5 3. exd5 cxd5 4. Bd3 Nc6 5. c3 Qc7 6. Na3 a6 7. Nc2 Nf6 8. h3 e6 9. Nf3 Bd6 10. O-O O-O 11. Re1 Re8 12. Ne3 e5 13. dxe5 Nxe5 14. Bc2 Nxf3+ 15. Qxf3 d4 16. cxd4 Rxe3 17. Bxe3 Qxc2 18. Bg5 Be6 19. Bxf6 gxf6 20. d5 Bd7 21. Qxf6 Qg6 22. Qf3 Kh8 23. Re3 Rg8 24. Rae1 Bb4 25. Rd1 Bc5 26. Rc3 Bd6 27. Rc4 Re8 28. Qc3+ Be5 29. Qf3 Bd6 30. Qc3+ f6 31. Rh4 Qg5 32. g3 Rg8 33. Kh1 Qf5 34. Qd3 Re8 35. Qxf5 Bxf5 36. Rd2 Re1+ 37. Kg2 Be4+ 38. f3 Bf5 39. Rc4 Bd7 40. a3 Kg7 41. Rcc2 Re3 42. h4 Kf7 43. Rc4 Rb3 44. Re4 Bf5 0-1

[Event "Romanian Championship Open 2025"]
[Site "Craiova"]
[Date "2025.02.21"]
[Round "7.19"]
[White "Bida, Mihai-Eugen"]
[Black "Dumitrescu, Daniel"]
[Result "1/2-1/2"]
[Annotator "RC"]
[ECO "C42"]
[WhiteElo "2413"]
[BlackElo "2038"]
[PlyCount "57"]
[EventDate "2025.02.12"]
[EventType "swiss"]
[EventCountry "ROU"]
[SourceTitle "playchess.com"]
[Source "ChessBase"]
[SourceQuality "1"]
[TimeControl "40/5400+30:900+30"]

1. e4 e5 2. Nf3 Nf6 3. Nxe5 d6 4. Nf3 Nxe4 5. Nc3 Nf6 6. d4 Be7 7. Bd3 Nc6 8. h3 Nb4 9. Bg5 Be6 10. Be2 Bf5 11. Rc1 h6 12. Bh4 O-O 13. O-O Nfd5 14. Nxd5 Nxd5 15. Bg3 Bg5 16. Nxg5 Qxg5 17. Bf3 Nb4 18. a3 Nc6 19. c3 Rfe8 20. Bxc6 bxc6 21. Qf3 Be4 22. Qf4 Qd5 23. f3 Bd3 24. Rfe1 Qb3 25. Qd2 Bg6 26. Rxe8+ Rxe8 27. Re1 Rxe1+ 28. Bxe1 a5 29. Bf2 1/2-1/2

[Event "Romanian Championship Open 2025"]
[Site "Craiova"]
[Date "2025.02.21"]
[Round "7.20"]
[White "Dobre, Claudiu-Cristian"]
[Black "Panc, Samuel"]
[Result "1-0"]
[Annotator "RC"]
[ECO "A87"]
[WhiteElo "2279"]
[BlackElo "2036"]
[PlyCount "78"]
[EventDate "2025.02.12"]
[EventType "swiss"]
[EventCountry "ROU"]
[SourceTitle "playchess.com"]
[Source "ChessBase"]
[SourceQuality "1"]
[TimeControl "40/5400+30:900+30"]

1. c4 f5 2. Nf3 Nf6 3. Nc3 d6 4. d4 g6 5. g3 Bg7 6. Bg2 O-O 7. O-O c6 8. Qb3 Na6 9. Rd1 Qe8 10. c5+ Kh8 11. cxd6 exd6 12. d5 Nc5 13. Qa3 Nce4 14. dxc6 bxc6 15. Nd4 Bb7 16. Nxe4 Nxe4 17. f3 Nc5 18. Bf4 Rd8 19. Rac1 Qe7 20. b4 Ne6 21. Nxe6 Qxe6 22. Qxa7 Rd7 23. Rd2 Re8 24. Qb6 h6 25. h4 Qe7 26. Kf2 d5 27. b5 g5 28. hxg5 hxg5 29. Rh1+ Kg8 30. bxc6 Bxc6 31. Qxc6 gxf4 32. Rc2 Rd6 33. Qc5 fxg3+ 34. Kg1 d4 35. Qc4+ Kf8 36. Qd3 Qf7 37. Rc5 Rd5 38. Rxd5 Qxd5 39. Rh5 Qe5 1-0

[Event "Romanian Championship Open 2025"]
[Site "Craiova"]
[Date "2025.02.21"]
[Round "7.21"]
[White "Barbu, Simon-Alexandru"]
[Black "Lucaci, Alin-Marian"]
[Result "1-0"]
[Annotator "ChessBase"]
[ECO "C45"]
[WhiteElo "2023"]
[BlackElo "2137"]
[PlyCount "137"]
[EventDate "2025.02.12"]
[EventType "swiss"]
[EventCountry "ROU"]
[SourceTitle "playchess.com"]
[Source "ChessBase"]
[SourceQuality "1"]
[TimeControl "40/5400+30:900+30"]

1. e4 e5 2. Nf3 Nc6 3. d4 exd4 4. Nxd4 Bc5 5. Nb3 Bb6 6. Nc3 Qf6 7. Qe2 Nge7 8. Be3 d6 9. O-O-O Bd7 10. Nd5 Nxd5 11. exd5 Ne7 12. Re1 Kf8 13. Qd2 Bxe3 14. Rxe3 g6 15. Bc4 b5 16. Rf3 Qg7 17. Bd3 h5 18. Qa5 Bg4 19. Rg3 Nxd5 20. Bxb5 Nb6 21. Re1 Qf6 22. h3 Bf5 23. Qd2 a6 24. Bc6 Rb8 25. Nd4 h4 26. Qc3 Qg7 27. Rf3 Rh5 28. Kb1 d5 29. Rfe3 Kg8 30. b3 Rg5 31. Nxf5 Rxf5 32. Re8+ Rxe8 33. Rxe8+ Kh7 34. Qxg7+ Kxg7 35. a4 a5 36. f3 Rf6 37. Bb5 Re6 38. Rb8 Kf6 39. b4 axb4 40. a5 Nc4 41. Bxc4 dxc4 42. Rxb4 Ra6 43. Rxc4 Rxa5 44. Rxh4 Rc5 45. Kb2 Ke6 46. Kb3 Rd5 47. Kc3 Ra5 48. Re4+ Kd6 49. Rd4+ Ke6 50. h4 Rb5 51. Kc4 Rh5 52. g3 Ra5 53. Rd2 Rf5 54. f4 Rh5 55. Kb4 Rf5 56. c4 Ke7 57. c5 Rf6 58. Kb5 Re6 59. Rd3 f5 60. Kc4 Re4+ 61. Kb5 Re6 62. c6 Rd6 63. Re3+ Kd8 64. Kc5 Rd1 65. Re6 Rc1+ 66. Kd5 Rd1+ 67. Ke5 Re1+ 68. Kf6 Rg1 69. Kf7 1-0